 Dungeon Crawl Stone Soup version 0.23.2-33-g5129a83184 (webtiles) character file.

Game seed: 12354841791298110310

63 Derp the Skirmisher (level 4, -1/49 HPs)
             Began as an Ogre Berserker on July 15, 2019.
             Was a Believer of Trog.
             Slain by an adder (2 damage)
             ... on level 2 of the Dungeon.
             The game lasted 00:03:50 (1075 turns).

Derp the Skirmisher (Ogre Berserker)                Turns: 1075, Time: 00:03:51

Health: -1/49      AC:  3    Str: 22    XL:     4   Next: 10%
Magic:  4/4        EV:  6    Int:  8    God:    Trog [**....]
Gold:   113        SH: 12    Dex:  8    Spells: 3/3 levels left

rFire    . . .     SeeInvis .   a - +0 mace
rCold    . . .     Gourm    .   i - +0 large shield
rNeg     . . .     Faith    .   b - +0 animal skin
rPois    .         Spirit   .   (helmet restricted)
rElec    .         Reflect  .   (no cloak)
rCorr    .         Harm     .   (gloves unavailable)
MR       ++...                  (boots unavailable)
Stlth    +.........             (no amulet)
HPRegen  1.16/turn              (no ring)
MPRegen  0.09/turn              (no ring)

@: lethally poisoned (-1 -> -2), regenerating
A: large, unfitting armour, tough skin 1
a: Berserk, Trog's Hand, Renounce Religion


You were on level 2 of the Dungeon.
You worshipped Trog.
Trog was pleased with you.
You were very hungry.

You visited 1 branch of the dungeon, and saw 2 of its levels.

You collected 113 gold pieces.

Inventory:

Hand Weapons
 a - a +0 mace (weapon)
Armour
 b - a +0 animal skin (worn)
 i - a +0 large shield (worn)
Jewellery
 d - an uncursed ring of poison resistance {unknown}
 f - an uncursed ring of see invisible {unknown}
 h - an uncursed amulet of rage {unknown}
Scrolls
 e - a scroll of teleportation {unknown}
 g - 4 scrolls of identify {unknown}
 k - a scroll of amnesia {unknown}
Potions
 j - a potion of haste {unknown}
 l - a potion of curing {unknown}
Comestibles
 c - 2 rations


   Skills:
 + Level 4.6 Fighting
 + Level 3.3 Maces & Flails
 + Level 3.3 Dodging
 + Level 0.1 Stealth
 + Level 1.0 Shields


You had 3 spell levels left.
You didn't know any spells.
Your spell library was empty.

Dungeon Overview and Level Annotations

Branches:
Dungeon (2/15)

Altars:


Innate Abilities, Weirdness & Mutations

You are too large for most types of armour.
You have tough skin. (AC +1)


Message History

The adder poisons you! You block the adder's attack.
You sock the adder!
The adder is severely wounded.
You feel sick. The adder bites you.
* * * LOW HITPOINT WARNING * * *
You are more poisoned.
The adder poisons you! The adder bites you.
* * * LOW HITPOINT WARNING * * *
Your skin crawls.
You feel resistant to hostile enchantments.
You are feeling very hungry.
You feel sick. The adder bites you.
* * * LOW HITPOINT WARNING * * *
You are more poisoned.
The adder poisons you! You block the adder's attack.
You closely miss the adder.
The adder is severely wounded.
* * * LOW HITPOINT WARNING * * *
You feel sick. The adder bites you.
You die...

.............#########....######
.[............# ###.#### #..
..............# #...# #.#
..............# #.### #.#
..............# #.#### #.#
..............#### #....# #.#
.................. ####.### #..
..............#####.#......# #.#
...............S@...#.##.#.######
...............######.##.#.......
..+........>...# #..<.##.######..
#.....####...# #.##............
#.....# #...# #.##....######..
#.....# #...# #.......+.......
#.....# #...# ####....#######.
#.....# #...# #....# #. #.....#
#....# #.


You could see an adder.

Vanquished Creatures
  An adder (D:2)
  A worm (D:2)
  A dart slug (D:1)
  3 leopard geckos
  7 bats
  A goblin (D:1)
  3 hobgoblins
  13 jackals
  A kobold (D:1)
  3 quokkas (D:2)
  3 frilled lizards
  4 rats
41 creatures vanquished.

Notes
Turn   | Place    | Note
-------+----------+-------------------------------------------
     0 | D:1      | Derp the Ogre Berserker began the quest for the Orb.
     0 | D:1      | Reached XP level 1. HP: 24/24 MP: 1/1
    61 | D:1      | Reached XP level 2. HP: 5/32 MP: 2/2
   494 | D:1      | Reached XP level 3. HP: 37/40 MP: 3/3
   962 | D:2      | Reached ** piety under Trog
  1065 | D:2      | Reached skill level 1 in Shields
  1065 | D:2      | Reached XP level 4. HP: 23/49 MP: 4/4
  1074 | D:2      | HP: 1/49 [adder (2)]
  1075 | D:2      | Slain by an adder

Skill      XL: |  1  2  3 |
---------------+----------+-----
Dodging        | 3 |  3.3
Maces & Flails | 3 |  3.3
Shields        | 1 |  1.0
Fighting       | |  4.6
Stealth        | |  0.1

Action                   |  1- 3 |  4- 6 || total
-------------------------+-------+-------++-------
Melee: Mace              |   142 |     9 ||   151
Invok: Berserk           |     1 |       ||     1
       Trog's Hand       |       |     1 ||     1
  Eat: Chunk             |     1 |       ||     1
Armor: Animal skin       |    58 |     3 ||    61
Dodge: Dodged            |    81 |     2 ||    83
Block: Large shield      |    67 |     7 ||    74
